 Dungeon Crawl Stone Soup version 0.31-a0-150-g89dc3ad700 (webtiles) character file.

Game seed: 16699745911428511782

242 qw the Shooter (level 5, 0/46 HPs)
             Began as a Minotaur Hunter on June 8, 2023.
             Slain by an iguana (9 damage)
             ... on level 5 of the Dungeon.
             The game lasted 00:01:13 (4013 turns).

qw the Shooter (Minotaur Hunter)                    Turns: 4013, Time: 00:01:14

Health: 0/46       AC:  6    Str: 15    XL:     5   Next: 82%
Magic:  0/4        EV: 11    Int:  6    God:
Gold:   193        SH:  0    Dex: 16    Spells: 4/4 levels left

rFire   . . .        Y - +0 shortbow
rCold   . . .        (shield currently unavailable)
rNeg    . . .        g - +0 ring mail
rPois   .            (helmet restricted)
rElec   .            j - +0 cloak
rCorr   .            (no gloves)
SInv    .            (no boots)
Will    .....        e - amulet of guardian spirit
Stlth   +            (no ring)
HPRegen 0.27/turn    (no ring)
MPRegen 0.09/turn

%: guardian spirit
@: no status effects
A: horns 2, retaliatory headbutt
a: no special abilities


You were on level 5 of the Dungeon.
You visited 1 branch of the dungeon, and saw 5 of its levels.

You collected 193 gold pieces.


Innate Abilities, Weirdness & Mutations

You have a pair of horns on your head.
You reflexively headbutt those who attack you in melee.


   Skills:
 - Level 4.0 Fighting
 + Level 7.1 Ranged Weapons
 - Level 1.3 Armour
 - Level 2.1 Dodging
 - Level 0.7 Stealth


You had 4 spell levels left.
You didn't know any spells.
Your spell library was empty.

Inventory:

Hand Weapons
 Y - a +0 shortbow (weapon)
Armour
 g - a +0 ring mail (worn)
 j - a +0 cloak (worn)
Jewellery
 e - an amulet of guardian spirit (around neck)
Scrolls
 i - a scroll of identify
Potions
 a - a potion of heal wounds {unknown}
 b - a potion of enlightenment {unknown}
 c - a potion of berserk rage {unknown}
 d - a potion of curing
 f - a potion of ambrosia {unknown}
 h - a potion of lignification {unknown}
 k - a potion of magic {unknown}

Dungeon Overview and Level Annotations

Branches:
Dungeon (5/15)
 Temple: D:4-7

Altars:
Makhleb

Annotations:
D:2 1 runed translucent door, Crazy Yiuf


Message History

The hound bites you. x2
You shoot an arrow.
The arrow hits the hound but does no damage.
The hound is moderately wounded.
The hound barely misses you.
The hound pauses to sniff the ground.
The hound bites you but does no damage.
You shoot an arrow. The arrow hits the hound.
The hound is heavily wounded.
The hound bites you but does no damage.
You shoot an arrow. The arrow hits the hound.
The hound is heavily wounded.
The hound barely misses you. The hound bites you but does no damage.
You shoot an arrow. The arrow closely misses the hound.
The hound bites you but does no damage. The hound bites you.
You shoot an arrow. The arrow hits the hound.
The hound is severely wounded.
The hound bites you. The iguana misses you. The hound bites you.
The iguana misses you. You furiously retaliate!
You headbutt the iguana, but do no damage.
You shoot an arrow. The arrow closely misses the hound.
The hound closely misses you. The iguana bites you!
You shoot an arrow. The arrow closely misses the hound.
The hound closely misses you. The hound completely misses you.
The iguana bites you!
You shoot an arrow. The arrow hits the hound!
You kill the hound!
The iguana misses you.
Your Ranged Weapons skill increases to level 7!
You shoot an arrow.
The arrow hits the iguana but does no damage.
The iguana bites you! The orc barely misses you. You furiously retaliate!
You headbutt the orc. You shoot an arrow. The arrow hits the orc.
You kill the orc!
The iguana bites you.
You shoot an arrow. The arrow hits the iguana.
The iguana is lightly wounded.
The iguana barely misses you. The iguana bites you!
You die...

#.......#
###'##### #.# #.#
#.# .######.#####
............#
#######.###.###.#.
#...@l......
#####)###.#. ...
.### .# .. .# .#


You could see an iguana.

Vanquished Creatures
  A hound (D:5)
  Ijyb (D:3)
  Robin (D:2)
  7 adders
  2 white imps (D:4)
  A worm (D:3)
  3 dart slugs
  5 orcs
  10 ball pythons
  8 endoplasms
  4 giant cockroaches
  8 goblins
  12 hobgoblins
  5 jackals
  4 kobolds
  A quokka (D:1)
  5 bats
  4 frilled lizards
  2 rats (D:1)
84 creatures vanquished.

Notes
Turn   | Place    | Note
-------+----------+-------------------------------------------
     0 | D:1      | qw the Minotaur Hunter began the quest for the Orb.
     0 | D:1      | Reached XP level 1. HP: 18/18 MP: 0/0
     0 | D:1      | 0 ||| qw: Version: 0.2-a-119-g7aa9181
     0 | D:1      | 0 ||| qw: Game counter: 2885
     0 | D:1      | 0 ||| qw: Always use a shield: true
     0 | D:1      | 0 ||| qw: God list: Okawaru
     0 | D:1      | 0 ||| qw: Allow faded altars: false
     0 | D:1      | 0 ||| qw: Do Orc after D:15 true
     0 | D:1      | 0 ||| qw: Do second Lair branch before Depths: true
     0 | D:1      | 0 ||| qw: Lair rune preference: random
     0 | D:1      | 0 ||| qw: Plans: Normal
     0 | D:1      | 0 ||| PLANNING D:1-11
   337 | D:1      | Reached XP level 2. HP: 25/25 MP: 1/1
   348 | D:1      | Reached skill level 5 in Ranged Weapons
   711 | D:1      | Reached skill level 3 in Fighting
  1000 | D:1      | 1000 ||| READING scroll labelled IZXYSU POTOLO.
  1003 | D:1      | 1003 ||| DRINKING 2 green potions.
  1004 | D:1      | 1004 ||| DROPPING scroll of butterflies.
  1008 | D:2      | You fall into a shaft and drop 1 floor!
  1093 | D:2      | Reached XP level 3. HP: 31/31 MP: 2/2
  1154 | D:2      | Noticed Robin
  1165 | D:2      | Killed Robin
  1288 | D:2      | Found a runed translucent door.
  1289 | D:2      | Noticed Crazy Yiuf
  1511 | D:2      | Reached XP level 4. HP: 38/38 MP: 3/3
  1517 | D:2      | Reached skill level 6 in Ranged Weapons
  1926 | D:2      | 1926 ||| UPGRADING to +0 ring mail.
  1936 | D:2      | 1936 ||| DROPPING +0 leather armour.
  1937 | D:2      | 1937 ||| UPGRADING to +0 cloak.
  1942 | D:2      | 1942 ||| UPGRADING to amulet of guardian spirit.
  1947 | D:2      | 1947 ||| READING scroll labelled RINAIM BOUCREECS.
  2251 | D:3      | 2251 ||| STAIRDANCE
  2337 | D:3      | Reached skill level 1 in Armour
  2341 | D:3      | Noticed Ijyb
  2343 | D:3      | Found a burning altar of Makhleb.
  2353 | D:3      | HP: 9/38 [hobgoblin (3)]
  2358 | D:3      | HP: 1/38 [disintegration (8)]
  2360 | D:3      | Killed Ijyb
  2475 | D:3      | 2475 ||| FLEEEEING.
  2476 | D:3      | 2476 ||| FLEEEEING.
  2478 | D:3      | 2478 ||| FLEEEEING.
  2479 | D:3      | 2479 ||| FLEEEEING.
  2480 | D:3      | 2480 ||| FLEEEEING.
  2481 | D:3      | 2481 ||| FLEEEEING.
  2483 | D:3      | 2483 ||| STAIRDANCE
  2674 | D:3      | Reached XP level 5. HP: 46/46 MP: 4/4
  3115 | D:4      | Identified the +5 dagger "Agiapp" {elec, *Corrode rN+ Will+
                  | Dex+5}
  3859 | D:4      | 3859 ||| READING 2 scrolls labelled GADEYCZISET.
  3860 | D:4      | 3860 ||| READING scroll labelled PUUFRU NAOSI.
  3976 | D:5      | Entered Level 5 of the Dungeon
  4011 | D:5      | Reached skill level 7 in Ranged Weapons
  4011 | D:5      | HP: 8/46 [iguana (9)]
  4013 | D:5      | Slain by an iguana

Levels and vault maps discovered:
D:1:      minmay_arrival_four_circles, layout_loops_corners,
          kennysheep_minor_cross, minmay_fountain_box
D:2:      layout_loops_ring, chequers_serial_rivers_micro_e,
          minmay_heptomino_h4, uniq_crazy_yiuf_cottage, uniq_robin
D:3:      layout_rooms, amcnicky_altar_gilded, kennysheep_potato, uniq_ijyb
D:4:      layout_loops_ring, nicolae_the_louvre
D:5:      layout_basic, lemuel_tele_altar, serial_shops, shop, uniq_pikel

Skill      XL: |  1  2  3  4  5 |
---------------+----------------+-----
Ranged Weapons | 5 6 7 |  7.1
Fighting       | 3 4 |  4.0
Armour         | 1 |  1.3
Dodging        | |  2.1
Stealth        | |  0.7

Action                     |  1- 3 |  4- 6 || total
---------------------------+-------+-------++-------
   Fire: Shortbow          |   101 |   157 ||   258
    Use: Scroll            |     1 |     3 ||     4
         Potion            |     1 |       ||     1
 Armour: Leather armour    |     1 |       ||     1
         Ring mail         |       |    50 ||    50
  Dodge: Dodged            |    13 |    61 ||    74

Table legend:
 A = Non-vault XP
 B = Vault XP
 C = Vault XP percentage of total XP
 D = Non-vault monster count
 E = Vault monster count
 F = Vault count percentage of total count
                 A         B        C        D         E       F
            +---------+---------+-------+---------+---------+-------
      Total |     279 |      68 |  19.6 |      73 |      11 |  13.1
            +---------+---------+-------+---------+---------+-------
        D:1 |      33 |       0 |   0.0 |      21 |       0 |   0.0
        D:2 |      45 |      30 |  40.0 |      20 |       9 |  31.0
        D:3 |      80 |      38 |  32.2 |      14 |       2 |  12.5
        D:4 |      69 |       0 |   0.0 |      14 |       0 |   0.0
        D:5 |      52 |       0 |   0.0 |       4 |       0 |   0.0
            +---------+---------+-------+---------+---------+-------
